 Dungeon Crawl Stone Soup version 0.20.1-1-g8b1a95d (webtiles) character file.

91 letownia2 the Grave Robber (level 4, -12/36 HPs)
             Began as a Deep Dwarf Necromancer on Nov 5, 2017.
             Was an Initiate of Gozag.
             Mangled by an ogre
             ... wielding a +0 giant spiked club
              (13 damage)
             ... on level 4 of the Dungeon.
             The game lasted 00:04:21 (1403 turns).

letownia2 the Grave Robber (Deep Dwarf Necromancer) Turns: 1403, Time: 00:04:21

Health: -12/36     AC:  3    Str: 12    XL:     4   Next: 34%
Magic:  3/8        EV: 12    Int: 16    God:    Gozag
Gold:   109        SH:  0    Dex: 13    Spells: 5/9 levels left

rFire    . . .     SeeInvis .   a - +2 flail (crush)
rCold    . . .     Gourm    .   (no shield)
rNeg     . . .     Faith    .   l - +0 leather armour
rPois    .         Spirit   .   (no helmet)
rElec    .         Reflect  .   (no cloak)
rCorr    .         Harm     .   (no gloves)
MR       .....                  (no boots)
Stlth    ++........             (no amulet)
Regen    0.0/turn               g - ring of wizardry
MPRegen  0.2/turn               (no ring)

@: non-regenerating
A: damage resistance, heal wounds, sense surroundings 1, no regeneration
a: Heal Wounds, Potion Petition, Call Merchant, Bribe Branch, Renounce Religion


You were on level 4 of the Dungeon.
You worshipped Gozag.
Gozag was aware of your devotion.
You were very hungry.

You visited 1 branch of the dungeon, and saw 4 of its levels.

You collected 176 gold pieces.
You paid 67 gold pieces to Gozag.

Inventory:

Hand Weapons
 a - a +2 flail of crushing (weapon)
 p - a +0 dagger
Missiles
 i - 5 tomahawks (quivered)
Armour
 l - a +0 leather armour (worn)
 n - a +0 ring mail
 r - a +0 scale mail
Jewellery
 g - a ring of wizardry (left hand)
Scrolls
 d - 4 scrolls of identify {unknown}
 e - 3 scrolls of teleportation {unknown}
 j - a scroll of blinking {unknown}
 m - a scroll of fog {unknown}
 q - a scroll of enchant weapon {unknown}
Potions
 h - 2 potions of lignification {unknown}
 o - a potion of might {unknown}
Books
 b - a book of Necromancy

   Spells                             Type                      Level
   a - Pain                           Necromancy                   1
   b - Animate Skeleton               Necromancy                   1
   c - Vampiric Draining              Necromancy                   3
   d - Regeneration                   Charms/Necromancy            3
   e - Animate Dead                   Necromancy                   4
   f - Control Undead                 Necromancy                   4
Comestibles
 c - a bread ration
 f - a royal jelly
 k - 7 fruits
 s - 2 meat rations


   Skills:
 - Level 2.1 Dodging
 - Level 2.4 Stealth
 + Level 3.2 Spellcasting
 - Level 5.3 Necromancy


You had 5 spell levels left.
You knew the following spells:

 Your Spells              Type           Power        Failure   Level  Hunger
a - Pain                  Necr           ###.         1%          1    None
v - Vampiric Draining     Necr           ###.......   3%          3    ###....


Dungeon Overview and Level Annotations

Branches:
Dungeon (4/15)
 Temple: D:4-7

Altars:
Ashenzari
Fedhas
Gozag
Uskayaw
Xom

Annotations:
D:3 2 transporters
D:4 Blork the orc, Menkaure


Innate Abilities, Weirdness & Mutations

You are resistant to damage.
You can heal yourself by infusing magical energy.
You passively map a small area around you.
You do not regenerate.


Message History

Casting: Pain
Confirm with . or Enter, or press ? or * to list all spells.
Aiming: Vampiric Draining
Press: ? - help, Shift-Dir - straight line, f/p - ogre
Aim: an ogre, wielding a giant spiked club (heavily wounded)
The ogre is severely wounded.
You feel life coursing into your body.
You are feeling very hungry.
The ogre hits you with a giant spiked club!!
Ouch! That really hurt!
* * * LOW HITPOINT WARNING * * *
Unknown command.
Unknown command.
Unknown command.
Unknown command.
You hit the ogre.
The ogre is almost dead.
The ogre hits you with a giant spiked club!
You die...
Your body crumbles into a pile of gold.

# * ########.##..... #.
........÷#...... **
##.#########......_.. , ,...
...............#..#......
...##.................##.....
*#......# ###......##..##...#
,*..#...# ##..........##.## ,
.....# #####.#..#........ ,
####... #@..........##.##.
.##+##.⌠#..#####O.............##<
...%....#.....##........#..##*...
........#.##$......w.......# .##
.......#...#............##.. *
...O...+...#.............# .
......(#...#.............##......
l.M.....#.##.....(...............
..?......................#.......


You could see an ogre and a worm.

Vanquished Creatures
  An orc wizard (D:4)
  2 adders
  An ooze (D:1)
  A dart slug (D:3)
  A leopard gecko (D:3)
  8 orcs
  4 bats (D:3)
  2 giant cockroaches (D:4)
  A goblin (D:1)
  2 hobgoblins
  4 jackals (D:3)
  A quokka (D:4)
  A frilled lizard (D:3)
  A leopard gecko skeleton (D:4)
30 creatures vanquished.

Notes
Turn   | Place    | Note
-------+----------+-------------------------------------------
     0 | D:1      | letownia2 the Deep Dwarf Necromancer began the quest for the Orb.
     0 | D:1      | Reached XP level 1. HP: 15/15 MP: 3/3
   414 | D:2      | Reached XP level 2. HP: 20/22 MP: 0/5
   613 | D:3      | Found a transporter.
   656 | D:3      | Found a transporter.
   665 | D:4      | Noticed Blork the orc
   689 | D:4      | Reached skill level 5 in Necromancy
   689 | D:4      | Reached XP level 3. HP: 26/28 MP: 1/6
   694 | D:4      | Learned a level 3 spell: Vampiric Draining
   737 | D:4      | Found a shattered altar of Ashenzari.
   907 | D:4      | Found a shimmering altar of Xom.
   966 | D:4      | Reached XP level 4. HP: 32/36 MP: 8/8
  1000 | D:3      | Found a hide-covered altar of Uskayaw.
  1031 | D:3      | Found an opulent altar of Gozag.
  1041 | D:3      | Became a worshipper of Gozag Ym Sagoz the Greedy
  1187 | D:3      | Found a blossoming altar of Fedhas.
  1385 | D:4      | Noticed Menkaure
  1385 | D:4      | Noticed an ogre
  1402 | D:4      | HP: 1/36 [ogre/giant spiked club (18)]
  1403 | D:4      | Mangled by an ogre

Skill      XL: |  1  2  3  4 |
---------------+-------------+-----
Spellcasting   | 2 3 |  3.2
Necromancy     | 5 |  5.3
Dodging        | |  2.1
Stealth        | |  2.4

Action                   |  1- 3 |  4- 6 || total
-------------------------+-------+-------++-------
Melee: Dagger            |    11 |       ||    11
       Flail             |     2 |     9 ||    11
Throw: Tomahawk          |     2 |       ||     2
 Cast: Pain              |    26 |    19 ||    45
       Vampiric Draining |     2 |     1 ||     3
 Stab: Sleeping          |     1 |       ||     1
  Eat: Chunk             |     1 |       ||     1
Armor: Robe              |     1 |       ||     1
       Leather armour    |     4 |     2 ||     6
Dodge: Dodged            |    14 |     8 ||    22
